 Dungeon Crawl Stone Soup version 0.29.0-15-g675c0067aa (webtiles) character file.

Game seed: 10206442500610604049

2312 qw the Cleaver (level 9, -4/78 HPs)
             Began as a Minotaur Berserker on Sept 11, 2022.
             Was a Priest of Trog.
             Engulfed by a cloud of flame (6 damage)
             ... on level 5 of the Dungeon.
             The game lasted 00:01:48 (6142 turns).

qw the Cleaver (Minotaur Berserker)                 Turns: 6142, Time: 00:01:48

Health: -4/78      AC: 14    Str: 25    XL:     9   Next: 18%
Magic:  8/8        EV:  9    Int:  4    God:    Trog [***...]
Gold:   231        SH:  0    Dex: 11    Spells: 8/8 levels left

rFire   + . .      SeeInvis .   Y - +0 broad axe
rCold   . . .      Faith    .   (no shield)
rNeg    . . .      Spirit   .   j - +0 chain mail
rPois   .          Reflect  .   (helmet restricted)
rElec   .          Harm     .   (no cloak)
rCorr   .          Rampage  .   (no gloves)
Will    .....                   g - +2 pair of boots
Stlth   ..........              (no amulet)
HPRegen 0.23/turn               (no ring)
MPRegen 0.11/turn               (no ring)

@: no status effects
A: horns 2, retaliatory headbutt, iridescent scales 1, fire resistance 1
a: Renounce Religion, Berserk, Trog's Hand


You were on level 5 of the Dungeon.
You worshipped Trog.
Trog was most pleased with you.
You visited 1 branch of the dungeon, and saw 5 of its levels.

You collected 231 gold pieces.


Innate Abilities, Weirdness & Mutations

You have a pair of horns on your head.
You reflexively headbutt those who attack you in melee.
You are partially covered in iridescent scales. (AC +2)
Your flesh is heat resistant. (rF+)


   Skills:
 + Level 6.7 Fighting
 - Level 12.1 Axes
 - Level 5.0 Throwing
 - Level 4.0 Armour
 - Level 2.1 Dodging


You had 8 spell levels left.
You didn't know any spells.
Your spell library was empty.

Inventory:

Hand Weapons
 c - a +2 flail of protection
 Y - a +0 broad axe (weapon)
Missiles
 m - 13 boomerangs (quivered)
Armour
 g - a +2 pair of boots (worn)
 j - a +0 chain mail (worn)
 k - an orb of light
Scrolls
 b - 2 scrolls of teleportation
 d - a scroll of identify
Potions
 a - a potion of might
 f - a potion of curing
 h - a potion of degeneration {unknown}
 i - a potion of heal wounds
 l - a potion of mutation
 n - a potion of resistance {unknown}

Dungeon Overview and Level Annotations

Branches:
Dungeon (5/15)
 Temple: D:4-7

Altars:
Dithmenos
The Shining One


Message History

Enter note: You see here 7 stones.
You're in a travel-excluded area, stopping explore.
You're in a travel-excluded area, stopping explore.
6119 ||| DROPPING +2 pair of boots.
You drop a +2 pair of boots.
You're standing in a cloud of flame!
You're standing in a cloud of flame!
6120 ||| Stepping randomly (cloudy).
You are engulfed in blazing flames.
You resist.
You're standing in a cloud of flame!
You are engulfed in blazing flames.
You resist.
You're standing in a cloud of flame!
You are engulfed in blazing flames.
You resist.
You're standing in a cloud of flame!
You are engulfed in blazing flames.
You resist.
You're standing in a cloud of flame!
You are engulfed in blazing flames.
You resist.
You're standing in a cloud of flame!
You are engulfed in blazing flames.
You resist.
You're standing in a cloud of flame!
You are engulfed in blazing flames.
You resist.
You start resting.
You're standing in a cloud of flame!
You're standing in a cloud of flame!
You are engulfed in blazing flames.
You resist.
You're standing in a cloud of flame!
You are engulfed in blazing flames.
You resist.
You start resting.
You're standing in a cloud of flame!
You're standing in a cloud of flame!
You are engulfed in blazing flames.
You resist.
You're standing in a cloud of flame!
You are engulfed in blazing flames.
You resist.
You're standing in a cloud of flame!
You are engulfed in blazing flames.
You resist.
You start resting.
You're standing in a cloud of flame!
You're standing in a cloud of flame!
You are engulfed in blazing flames.
You resist.
You die...

##...## #....###....## #
#.....####...## ###..# #
#...###.......####....... #.
.>..## #..###.............# #.
#..## ##..# #..####.####..# .. #.
#..## ##.# .## ..# ..# ##..#
###.# # ... ... #..####..[#######
. #.#####........@.¤¤#8#0 ...#
#.##...........####### .# #...
#..........#...# #.## .# ###.
##.#####...###..# #.# .# ##
##.....###...###.####.####.# ##.
#.............##...........###.[.
##...#..........................#
#...#######...................##
#...# ##.............#...#


There were no monsters in sight!

Vanquished Creatures
  Pikel (D:5)
  A kobold demonologist (D:5)
  Prince Ribbit (D:5)
  Sigmund (D:3)
  A water moccasin (D:5)
  Edmund (D:4)
  Duvessa (D:4)
  An ogre (D:5)
  3 lemures (D:5)
  Blork the orc (D:4)
  4 kobold brigands
  A necrophage (D:4)
  Dowan (D:4)
  A hound (D:5)
  5 iguanas
  Ijyb (D:4)
  An orc wizard (D:3)
  4 gnolls (D:3)
  6 adders
  2 ufetubi
  4 worms
  A dart slug (D:1)
  8 orcs
  10 ball pythons
  6 endoplasms
  4 giant cockroaches
  7 goblins
  8 hobgoblins
  2 jackals
  8 kobolds
  2 quokkas
  3 bats
  4 frilled lizards
  4 rats
109 creatures vanquished.

Notes
Turn   | Place    | Note
-------+----------+-------------------------------------------
     0 | D:1      | qw the Minotaur Berserker began the quest for the Orb.
     0 | D:1      | Reached XP level 1. HP: 19/19 MP: 0/0
     0 | D:1      | 0 ||| qw: Version: 0.1-a-119-g272c26d
     0 | D:1      | 0 ||| qw: Game counter: 10675
     0 | D:1      | 0 ||| qw: Always use a shield: true
     0 | D:1      | 0 ||| qw: Do Orc after D:15 true
     0 | D:1      | 0 ||| qw: Do second Lair branch before Depths: true
     0 | D:1      | 0 ||| qw: Lair rune preference: random
     0 | D:1      | 0 ||| qw: Plans: Normal
     0 | D:1      | 0 ||| PLANNING D:1-11
   323 | D:1      | Reached skill level 4 in Axes
   427 | D:1      | Reached XP level 2. HP: 26/26 MP: 1/1
   437 | D:1      | 437 ||| INVOKING Berserk.
   860 | D:1      | Reached skill level 5 in Axes
  1260 | D:1      | 1260 ||| UPGRADING to +0 chain mail.
  1270 | D:1      | 1270 ||| DROPPING +0 animal skin.
  1271 | D:1      | 1271 ||| DROPPING amulet of faith.
  1272 | D:1      | 1272 ||| READING scroll labelled OWOMMU BEITHIGGE.
  1273 | D:1      | 1273 ||| READING scroll labelled UKHLIS KIAJUDIKK.
  1274 | D:1      | 1274 ||| READING scroll labelled KEUNEA LUPNIE.
  1275 | D:1      | 1275 ||| DRINKING 2 fuming sapphire potions.
  1276 | D:1      | 1276 ||| DROPPING potion of invisibility.
  1344 | D:2      | 1344 ||| SWAPPING to +2 hand axe of electrocution.
  1345 | D:2      | 1345 ||| DROPPING +0 hand axe.
  1370 | D:2      | Reached XP level 3. HP: 31/31 MP: 2/2
  1578 | D:2      | Reached ** piety under Trog
  1829 | D:2      | 1829 ||| UPGRADING to +2 pair of boots.
  1834 | D:2      | 1834 ||| DROPPING ring of flight.
  1835 | D:2      | 1835 ||| READING scroll labelled XUR HUGAUT NOGH.
  1836 | D:2      | 1836 ||| READING scroll labelled MAHISKU ZALA.
  1837 | D:2      | 1837 ||| READING scroll labelled KAXKON TORPHAISI.
  1841 | D:2      | 1841 ||| DRINKING 2 pink potions.
  1842 | D:2      | 1842 ||| DRINKING 2 fuming cyan potions.
  1843 | D:2      | 1843 ||| READING 2 scrolls of identify.
  1843 | D:2      | 1843 ||| IDENTIFYING murky orange potion
  1844 | D:2      | 1844 ||| DROPPING potion of flight.
  1845 | D:2      | 1845 ||| DROPPING potion of brilliance.
  1857 | D:3      | 1857 ||| PLANNING SEWER
  1869 | D:3      | Reached XP level 4. HP: 39/39 MP: 3/3
  1949 | D:3      | Reached skill level 6 in Axes
  1979 | D:3      | 1979 ||| DROPPING +0 club.
  2128 | D:3      | 2128 ||| INVOKING Berserk.
  2269 | D:3      | 2269 ||| DROPPING +0 mace.
  2292 | D:3      | Noticed a kobold brigand
  2299 | D:3      | Killed a kobold brigand
  2300 | D:3      | Reached skill level 7 in Axes
  2300 | D:3      | Reached XP level 5. HP: 43/45 MP: 4/4
  2511 | D:3      | Found a glowing drain.
  2512 | D:3      | 2512 ||| DROPPING ring of magical power.
  2513 | D:3      | 2513 ||| READING 2 scrolls of identify.
  2513 | D:3      | 2513 ||| IDENTIFYING grey potion
  2518 | D:3      | 2518 ||| FLEEEEING.
  2519 | D:3      | 2519 ||| FLEEEEING.
  2520 | D:3      | 2520 ||| FLEEEEING.
  2521 | D:3      | 2521 ||| FLEEEEING.
  2527 | D:3      | 2527 ||| STAIRDANCE
  2532 | D:3      | 2532 ||| FLEEEEING.
  2533 | D:3      | 2533 ||| STAIRDANCE
  2538 | D:3      | 2538 ||| STAIRDANCE
  2576 | D:3      | 2576 ||| INVOKING Berserk.
  2578 | D:3      | 2578 ||| STAIRDANCE
  2687 | D:2      | 2687 ||| RIP SEWER
  2687 | D:2      | 2687 ||| PLANNING D:1-11
  2688 | D:3      | 2688 ||| RIP SEWER
  2716 | D:3      | 2716 ||| INVOKING Berserk.
  3094 | D:3      | 3094 ||| SWAPPING to +0 broad axe.
  3095 | D:3      | 3095 ||| DROPPING +2 hand axe of venom.
  3129 | D:4      | Noticed Sigmund
  3130 | D:4      | 3130 ||| STAIRDANCE
  3132 | D:3      | 3132 ||| INVOKING Berserk.
  3137 | D:3      | Killed Sigmund
  3138 | D:3      | Reached skill level 8 in Axes
  3138 | D:3      | Reached XP level 6. HP: 52/52 MP: 5/5
  3223 | D:4      | Reached skill level 9 in Axes
  3297 | D:4      | 3297 ||| Stepping ~*~*~tactically~*~*~ (hiding).
  3299 | D:4      | 3299 ||| Stepping ~*~*~tactically~*~*~ (stealth).
  3300 | D:4      | Noticed Blork the orc
  3302 | D:4      | 3302 ||| INVOKING Berserk.
  3305 | D:4      | Killed Blork the orc
  3306 | D:4      | Reached skill level 3 in Armour
  3460 | D:4      | Noticed Ijyb
  3462 | D:4      | Noticed Dowan
  3464 | D:4      | 3464 ||| INVOKING Berserk.
  3467 | D:4      | Reached XP level 7. HP: 59/59 MP: 6/6
  3468 | D:4      | Killed Ijyb
  3471 | D:4      | Found a glowing golden altar of the Shining One.
  3474 | D:4      | Killed Dowan
  3490 | D:4      | Noticed Duvessa
  3491 | D:4      | 3491 ||| FLEEEEING.
  3669 | D:4      | 3669 ||| INVOKING Berserk.
  3669 | D:4      | Noticed Edmund
  3679 | D:4      | Killed Duvessa
  3684 | D:4      | HP: 22/93 [Edmund/+2 flail of protection (7)]
  3688 | D:4      | HP: 7/62 [constriction (3)]
  3689 | D:4      | 3689 ||| DRINKING 2 potions of heal wounds.
  3693 | D:4      | Killed Edmund
  3721 | D:4      | 3721 ||| Stepping ~*~*~tactically~*~*~ (stealth).
  3722 | D:4      | 3722 ||| Stepping ~*~*~tactically~*~*~ (stealth).
  3728 | D:4      | HP: 15/60 [necrophage (3)]
  3729 | D:4      | 3729 ||| DRINKING potion of heal wounds.
  3730 | D:4      | 3730 ||| INVOKING Berserk.
  3897 | D:4      | 3897 ||| DROPPING +0 flail.
  4010 | D:4      | Found a shadowy altar of Dithmenos.
  4213 | D:4      | 4213 ||| READING scroll labelled JOEM JIWUYBA.
  4321 | D:4      | 4321 ||| READING scroll labelled GISAIC HUIFEOL.
  4322 | D:4      | 4322 ||| DRINKING 2 glowing orange potions.
  4328 | D:4      | 4328 ||| DRINKING 3 metallic sapphire potions.
  4328 | D:4      | Gained mutation: Your flesh is heat resistant. (rF+)
                  | [potion of mutation]
  4328 | D:4      | Gained mutation: You are frail. (-10% HP) [potion of
                  | mutation]
  4328 | D:4      | Gained mutation: You are partially covered in large bone
                  | plates. (SH +4) [potion of mutation]
  4328 | D:4      | Gained mutation: You have supernaturally acute eyesight.
                  | (SInv) [potion of mutation]
  4329 | D:4      | 4329 ||| DRINKING 2 potions of mutation.
  4329 | D:4      | Lost mutation: You are partially covered in large bone
                  | plates. (SH +4) [potion of mutation]
  4329 | D:4      | Lost mutation: You have supernaturally acute eyesight.
                  | (SInv) [potion of mutation]
  4329 | D:4      | Lost mutation: You are frail. (-10% HP) [potion of
                  | mutation]
  4329 | D:4      | Gained mutation: You are partially covered in iridescent
                  | scales. (AC +2) [potion of mutation]
  4384 | D:4      | 4384 ||| READING 2 scrolls of identify.
  4384 | D:4      | 4384 ||| IDENTIFYING bubbling dark potion
  4385 | D:4      | 4385 ||| DROPPING potion of lignification.
  4405 | D:5      | Entered Level 5 of the Dungeon
  4406 | D:5      | 4406 ||| INVOKING Berserk.
  4410 | D:5      | Reached skill level 10 in Axes
  4410 | D:5      | 4410 ||| STAIRDANCE
  4584 | D:5      | Noticed Pikel
  4584 | D:5      | 4584 ||| Stepping ~*~*~tactically~*~*~ (stealth).
  4608 | D:5      | 4608 ||| Stepping ~*~*~tactically~*~*~ (stealth).
  4620 | D:5      | 4620 ||| Stepping ~*~*~tactically~*~*~ (stealth).
  4622 | D:5      | 4622 ||| Stepping ~*~*~tactically~*~*~ (stealth).
  4726 | D:5      | 4726 ||| Stepping ~*~*~tactically~*~*~ (stealth).
  4727 | D:5      | 4727 ||| Stepping ~*~*~tactically~*~*~ (stealth).
  4728 | D:5      | 4728 ||| INVOKING Berserk.
  4735 | D:5      | Killed Pikel
  4736 | D:5      | Reached XP level 8. HP: 70/70 MP: 7/7
  4892 | D:5      | Reached skill level 6 in Fighting
  4892 | D:5      | 4892 ||| FLEEEEING.
  4893 | D:5      | 4893 ||| FLEEEEING.
  4894 | D:5      | 4894 ||| FLEEEEING.
  4895 | D:5      | 4895 ||| FLEEEEING.
  4896 | D:5      | 4896 ||| FLEEEEING.
  4898 | D:5      | 4898 ||| FLEEEEING.
  4899 | D:5      | 4899 ||| FLEEEEING.
  4900 | D:5      | 4900 ||| FLEEEEING.
  4901 | D:5      | 4901 ||| FLEEEEING.
  4902 | D:5      | 4902 ||| FLEEEEING.
  4903 | D:5      | 4903 ||| FLEEEEING.
  4904 | D:5      | 4904 ||| FLEEEEING.
  4905 | D:5      | 4905 ||| FLEEEEING.
  4906 | D:5      | 4906 ||| FLEEEEING.
  4907 | D:5      | 4907 ||| FLEEEEING.
  4908 | D:5      | 4908 ||| STAIRDANCE
  5076 | D:5      | 5076 ||| STAIRDANCE
  5093 | D:5      | 5093 ||| STAIRDANCE
  5324 | D:5      | 5324 ||| Stepping ~*~*~tactically~*~*~ (stealth).
  5345 | D:5      | Noticed a kobold demonologist
  5346 | D:5      | 5346 ||| Stepping ~*~*~tactically~*~*~ (stealth).
  5351 | D:5      | Noticed an orange demon
  5351 | D:5      | 5351 ||| Stepping ~*~*~tactically~*~*~ (hiding).
  5353 | D:5      | Noticed a rust devil
  5357 | D:5      | Noticed a soul eater
  5360 | D:5      | 5360 ||| INVOKING Berserk.
  5363 | D:5      | HP: 20/103 [soul eater[a kobold demonologist] (13)]
  5365 | D:5      | Killed a kobold demonologist
  5366 | D:5      | Reached skill level 11 in Axes
  5367 | D:5      | Reached *** piety under Trog
  5368 | D:5      | HP: 14/105 [kobold brigand/+0 short sword (3)]
  5538 | D:5      | Reached XP level 9. HP: 38/75 MP: 8/8
  5579 | D:5      | Noticed Prince Ribbit
  5583 | D:5      | 5583 ||| INVOKING Berserk.
  5589 | D:5      | Killed Prince Ribbit
  5590 | D:5      | Reached skill level 12 in Axes
  6119 | D:5      | 6119 ||| DROPPING +2 pair of boots.
  6120 | D:5      | 6120 ||| Stepping randomly (cloudy).
  6138 | D:5      | HP: 10/78 [something (11)]
  6140 | D:5      | HP: 2/78 [something (6)]
  6142 | D:5      | Engulfed by a cloud of flame

Levels and vault maps discovered:
D:1:      roderic_lyre, layout_basic
D:2:      layout_basic
D:3:      layout_basic, cheibrodos_sewer_entry_drain
D:4:      layout_cave_pools, general_overflow_altar,
          mainiacjoe_overflow_six_doors_small, small_statue_intersection,
          uniq_blork_the_orc, uniq_duvessa, uniq_ijyb, uniq_edmund, uniq_sigmund
D:5:      layout_layer_cave, lemuel_flamethrower_2, uniq_menkaure,
          uniq_prince_ribbit1, uniq_pikel

Skill      XL: |  1  2  3  4  5  6  7  8  9 |
---------------+----------------------------+-----
Axes           | 4 5 7 8 9 10 11 12 | 12.1
Fighting       | 4 5 6 |  6.7
Armour         | 3 4 |  4.0
Throwing       | 5 |  5.0
Dodging        | |  2.1

Action                   |  1- 3 |  4- 6 |  7- 9 || total
-------------------------+-------+-------+-------++-------
Melee: Hand axe          |    55 |    50 |       ||   105
       Headbutt          |     6 |    13 |    17 ||    36
       Punch             |       |     2 |       ||     2
       Broad axe         |       |    19 |   111 ||   130
Throw: Boomerang         |    21 |    34 |    45 ||   100
Invok: Berserk           |     1 |     6 |     6 ||    13
  Use: Scroll            |     7 |     1 |     3 ||    11
       Potion            |     3 |       |     5 ||     8
Armor: Animal skin       |     6 |       |       ||     6
       Chain mail        |     8 |    29 |    50 ||    87
Dodge: Dodged            |    30 |    22 |    40 ||    92

Table legend:
 A = Non-vault XP
 B = Vault XP
 C = Vault XP percentage of total XP
 D = Non-vault monster count
 E = Vault monster count
 F = Vault count percentage of total count
                 A         B        C        D         E       F
            +---------+---------+-------+---------+---------+-------
      Total |    1637 |    1666 |  50.4 |      95 |      11 |  10.4
            +---------+---------+-------+---------+---------+-------
        D:1 |      38 |       0 |   0.0 |      22 |       0 |   0.0
        D:2 |      46 |       7 |  13.2 |      14 |       2 |  12.5
        D:3 |     249 |     231 |  48.1 |      22 |       2 |   8.3
        D:4 |     298 |     503 |  62.8 |      19 |       5 |  20.8
        D:5 |    1006 |     925 |  47.9 |      18 |       2 |  10.0
            +---------+---------+-------+---------+---------+-------
